 Dungeon Crawl Stone Soup version 0.28-b1-25-g9875b3fc8c (webtiles) character file.

Game seed: 308672477315237657

78 jij1949 the Conjurer (level 4, -3/33 HPs)
             Began as a Draconian Conjurer on Feb 3, 2022.
             Killed from afar by an orc wizard (5 damage)
             ... with a magic dart
             ... on level 3 of the Dungeon.
             The game lasted 00:19:13 (1889 turns).

jij1949 the Conjurer (Draconian Conjurer)           Turns: 1889, Time: 00:19:14

Health: -3/33      AC:  7    Str: 12    XL:     4   Next: 15%
Magic:  7/7        EV: 12    Int: 18    God:
Gold:   37         SH:  0    Dex:  9    Spells: 7/8 levels left

rFire   . . .      SeeInvis .   r - +0 hand crossbow (flame)
rCold   . . .      Faith    .   (no shield)
rNeg    . . .      Spirit   .   (armour unavailable)
rPois   .          Reflect  .   (helmet restricted)
rElec   .          Harm     .   (no cloak)
rCorr   .          Rampage  .   n - +0 pair of gloves
Will    .....                   m - +0 pair of boots
Stlth   ++........              f - amulet of magic regeneration
HPRegen 0.11/turn               (no ring)
MPRegen 0.50/turn               (no ring)

@: no status effects
A: AC +5, unfitting armour, cold-blooded
a: no special abilities


You were on level 3 of the Dungeon.
You visited 1 branch of the dungeon, and saw 3 of its levels.

You collected 37 gold pieces.

Inventory:

Hand Weapons
 a - a +0 hand axe
 e - a +0 dagger
 i - a +0 club
 l - a +0 whip
 p - a +0 mace
 r - a +0 hand crossbow of flaming (weapon)
 t - a +0 rapier
Missiles
 d - 59 bolts (quivered ammo)
 q - 14 arrows
Armour
 m - a +0 pair of boots (worn)
 n - a +0 pair of gloves (worn)
 s - a +0 robe
Jewellery
 f - an amulet of magic regeneration (around neck)
Scrolls
 b - a scroll of fear
 c - a scroll of brand weapon
 g - a scroll of vulnerability
 k - 2 scrolls of immolation
 u - a scroll of noise


   Skills:
 + Level 0.2 Fighting
 + Level 0.2 Axes
 + Level 2.4 Dodging
 + Level 1.8 Stealth
 + Level 1.1 Unarmed Combat
 + Level 2.5 Spellcasting
 + Level 4.7 Conjurations


You had 7 spell levels left.
You knew the following spells:

 Your Spells              Type           Power      Damage    Failure   Level
a - Magic Dart            Conj           76%        1d6       2%          1

Your spell library contained the following spells:

 Spells                   Type           Power      Damage    Failure   Level
 Searing Ray              Conj           38%        2d5       3%          2
 Dazzling Flash           Conj/Hex       20%        N/A       19%         3
 Blink                    Tloc           4%         N/A       26%         2
 Ensorcelled Hibernation  Hex/Ice        4%         N/A       26%         2
 Lesser Beckoning         Tloc           2%         N/A       45%         3
 Spider Form              Tmut/Pois      2%         N/A       45%         3
 Fulminant Prism          Conj/Hex       5%         3d7       54%         4
 Iskenderun's Mystic Bla  Conj/Tloc      10%        2d4       54%         4
 Anguish                  Hex/Necr       1%         N/A       86%         4
 Manifold Assault         Tloc           2%         N/A       99%         5


Dungeon Overview and Level Annotations

Branches:
Dungeon (3/15)

Altars:


Innate Abilities, Weirdness & Mutations

Your plain brown scales are hard. (AC +5)
You cannot fit into any form of body armour.
You are cold-blooded and may be slowed by cold attacks.


Message History

Something hits you but does no damage.
You hear some strange, mumbled words.
You are confused.
You bump into the rock wall.
You start to feel less resistant.
You feel less confused.
Your resistance to elements expires.
You hear some strange, mumbled words.
You are confused.
You bump into the rock wall.
Something hits you but does no damage.
You bump into the rock wall.
An orc wizard appears from thin air!
Reactivating autopickup.
The orc wizard closely misses you.
You shoot a bolt. The orc wizard casts a spell at you.
The puff of flame hits you but does no damage.
You shoot a bolt.
You are starting to lose your buoyancy.
You feel less confused.
The orc wizard gestures at you while chanting.
You resist with significant effort.
The orc wizard mumbles some strange words.
The orc wizard flickers and vanishes!
Deactivating autopickup; reactivate with Ctrl-A.
You clumsily bash something but do no damage.
Your tail-slap misses something.
Something hits you but does no damage.
Unknown command.
Unknown command.
You see here a bolt.
There is a strange disturbance nearby!
You float gracefully downwards.
You feel your willpower return.
A magic dart appears from out of thin air!
The magic dart hits you.
* * * LOW HITPOINT WARNING * * *
Casting: Magic Dart (safe; 2% risk of failure)
Confirm with . or Enter, or press ? or * to list all spells.
You can't see any susceptible monsters within range! (Use Z to cast anyway.)
A magic dart appears from out of thin air!
The magic dart hits you.
You die...

#..♣ ≈≈≈≈P≈P#..#...........
##..#♣P≈≈≈≈♣P#.#.###.#######
....#≈P≈≈PP♣.........######
##....♣♣≈♣P....#..........#
.####..≈≈♣...############.#
.# #######..# #.# .# ###..#
#.# <### #....##### #.# ...#
#.......@# #.# .#.##
###.##.###.# #.# .>..#
#......# #.# #.#
.#..###.#.#..# #{# #.#
.............# #.# #.#
.######.#.#.## #.# #.# .#
#.....# #.########.# .#
###.### #...(..(...# #.#
############


There were no monsters in sight!

Vanquished Creatures
  3 adders
  A dart slug (D:2)
  4 orcs (D:3)
  2 ball pythons
  4 bats
  An endoplasm (D:2)
  A giant cockroach (D:1)
  3 goblins
  5 hobgoblins
  2 jackals (D:1)
  2 quokkas
  3 frilled lizards
  5 kobolds
  6 rats
42 creatures vanquished.

Vanquished Creatures (others)
  A plant (D:3)
1 creature vanquished.

Grand Total: 43 creatures vanquished

Notes
Turn   | Place    | Note
-------+----------+-------------------------------------------
     0 | D:1      | jij1949 the Draconian Conjurer began the quest for the Orb.
     0 | D:1      | Reached XP level 1. HP: 14/14 MP: 3/3
   233 | D:1      | Reached XP level 2. HP: 9/20 MP: 1/5
   950 | D:2      | Reached XP level 3. HP: 13/26 MP: 4/6
   993 | D:2      | Found a faded altar of an unknown god.
  1489 | D:2      | Reached skill level 1 in Unarmed Combat
  1717 | D:3      | Reached XP level 4. HP: 33/33 MP: 4/7
  1889 | D:3      | Killed from afar by an orc wizard

Illustrated notes

Levels and vault maps discovered:
D:1:      saegor_arrival_fortress, layout_basic, minmay_tetromino_i4
D:2:      layout_basic, hellmonk_ecumenical_altar_blasted
D:3:      layout_loops_ring, serial_bayou_lake_a

Skill      XL: |  1  2  3 |
---------------+----------+-----
Dodging        | 2 |  2.4
Unarmed Combat | 1 |  1.1
Fighting       | |  0.2
Axes           | |  0.2
Stealth        | |  1.8
Spellcasting   | |  2.5
Conjurations   | |  4.7

Action                   |  1- 3 |  4- 6 || total
-------------------------+-------+-------++-------
Melee: Unarmed           |    40 |       ||    40
       Tailslap          |     7 |     1 ||     8
       Hand axe          |    15 |     5 ||    20
       Hand crossbow     |       |     2 ||     2
 Fire: Hand crossbow     |       |     4 ||     4
 Cast: Magic Dart        |    57 |    13 ||    70
  Use: Scroll            |       |     5 ||     5
       Potion            |       |     2 ||     2
Armor: Skin              |    28 |    16 ||    44
Dodge: Dodged            |    56 |     8 ||    64
